 Dungeon Crawl Stone Soup version 0.26-a0-1132-ge9770dfcb6 (webtiles) character file.

Game seed: 11185900585478677787

325 vvl the Ruffian (level 6, -3/59 HPs)
             Began as a Troll Monk on Dec 21, 2020.
             Was a Believer of Kikubaaqudgha.
             Slain by a bullfrog (5 damage)
             ... on level 7 of the Dungeon.
             The game lasted 00:09:16 (2373 turns).

vvl the Ruffian (Troll Monk)                        Turns: 2373, Time: 00:09:19

Health: -3/59      AC:  6    Str: 21    XL:     6   Next: 24%
Magic:  5/5        EV: 10    Int:  7    God:    Kikubaaqudgha [**....]
Gold:   323        SH:  0    Dex: 12    Spells: 5/5 levels left

rFire    . . .     SeeInvis .     - Unarmed
rCold    . . .     Faith    .   (no shield)
rNeg     . . .     Spirit   .   a - +0 robe
rPois    .         Reflect  .   (helmet restricted)
rElec    .         Harm     .   (no cloak)
rCorr    .         Rampage  .   (gloves unavailable)
Will     .....                  (boots unavailable)
Stlth    ++........             (no amulet)
HPRegen  0.59/turn              (no ring)
MPRegen  0.09/turn              (no ring)

@: lethally poisoned (-3 -> -5)
A: large, unfitting armour, claws 3, regeneration 1, shaggy fur 1, tough skin 3
a: Renounce Religion, Receive Corpses


You were on level 7 of the Dungeon.
You worshipped Kikubaaqudgha.
Kikubaaqudgha was pleased with you.
You visited 1 branch of the dungeon, and saw 6 of its levels.

You collected 323 gold pieces.

Inventory:

Hand Weapons
 o - a +2 vorpal flail
Missiles
 l - 5 silver javelins (quivered)
Armour
 a - a +0 robe (worn)
Jewellery
 b - a cursed amulet of regeneration {unknown}
Wands
 m - a wand of random effects (15)
 u - a wand of flame (17)
Scrolls
 g - 6 scrolls of identify {unknown}
 h - a scroll of remove curse {unknown}
 j - 2 scrolls of blinking {unknown}
 q - 2 scrolls of immolation {unknown}
 s - a scroll of enchant armour {unknown}
Potions
 c - 2 potions of curing {unknown}
 d - a potion of mutation {unknown}
 e - 3 potions of heal wounds {unknown}
 f - a potion of flight {unknown}
 i - a potion of attraction {unknown}
 k - a potion of berserk rage {unknown}
 n - a potion of degeneration {unknown}
 p - 2 potions of lignification {unknown}
 r - 3 potions of haste {unknown}
 t - a potion of might {unknown}


   Skills:
 - Level 2.4 Fighting
 + Level 1.2 Maces & Flails
 - Level 2.4 Dodging
 - Level 1.0 Stealth
 * Level 6.6 Unarmed Combat
 + Level 1.1 Necromancy


You had 5 spell levels left.
You didn't know any spells.
Your spell library contained the following spells:

 Spells                   Type           Power        Failure   Level
 Pain                     Necr           4%           30%         1
 Sublimation of Blood     Necr           0%           41%         2
 Corpse Rot               Necr/Air       N/A          50%         2
 Vampiric Draining        Necr           0%           65%         3


Dungeon Overview and Level Annotations

Branches:
Dungeon (8/15)
 Temple: D:4-7         Lair: D:8-11

Altars:
Fedhas
Kikubaaqudgha
Zin


Innate Abilities, Weirdness & Mutations

You are too large for most types of armour.
You have claws for hands.
Your natural rate of healing is unusually fast.
You are covered in fur. (AC +1)
You have extremely tough skin. (AC +3)


Message History

You climb upwards.
A bullfrog comes into view.
You feel sick. The ogre hits you with a +0 giant club.
There is a stone staircase leading down, spattered with blood here.
The worker ant bites you!
* * * LOW HITPOINT WARNING * * *
You claw the bullfrog!
The bullfrog is moderately wounded.
The worker ant misses you. The bullfrog hits you.
* * * LOW HITPOINT WARNING * * *
The ogre hits you with a +0 giant club!
* * * LOW HITPOINT WARNING * * *
You scratch the bullfrog.
The bullfrog is moderately wounded.
The worker ant bites you.
* * * LOW HITPOINT WARNING * * *
You are lethally poisoned!
The worker ant poisons you! The bullfrog hits you.
You die...
Kikubaaqudgha rasps: "You have failed me!
Welcome... death!"

####### #.....#
#.....# #.....#
#.###........
############S#
#.....###
...........BO#
..._[.# ##.....###@#
....S... #.....#
#F###.....###
+.....+ ... ........
#.....###.##########
..........# #.#
###.###...# #[# #.
#....##.# #
#....##.# ####..


You could see an ogre, a bullfrog, a worker ant and an adder.

Vanquished Creatures
  A hound (D:4)
  An orc priest (D:3)
  3 orc wizards (D:4)
  A hound skeleton (D:4)
  A worker ant zombie (D:7)
  7 adders
  A white imp (D:7)
  An ufetubus (D:8)
  4 worms
  2 dart slugs
  A leopard gecko (D:2)
  4 orcs (D:3)
  A ball python (D:3)
  7 giant cockroaches
  6 goblins
  6 hobgoblins
  2 quokkas (D:2)
  6 bats
  6 frilled lizards
  9 kobolds
  6 rats
76 creatures vanquished.

Vanquished Creatures (others)
  4 fungi (D:2)
  A plant (D:2)
  4 toadstools (D:7)
9 creatures vanquished.

Grand Total: 85 creatures vanquished

Notes
Turn   | Place    | Note
-------+----------+-------------------------------------------
     0 | D:1      | vvl the Troll Monk began the quest for the Orb.
     0 | D:1      | Reached XP level 1. HP: 22/22 MP: 0/0
   188 | D:1      | Reached XP level 2. HP: 29/29 MP: 1/1
   406 | D:1      | Reached skill level 4 in Unarmed Combat
   750 | D:2      | Reached XP level 3. HP: 31/36 MP: 2/2
   973 | D:2      | Reached skill level 5 in Unarmed Combat
   973 | D:2      | Reached XP level 4. HP: 44/44 MP: 3/3
   994 | D:2      | Found a blossoming altar of Fedhas.
  1681 | D:3      | Reached skill level 6 in Unarmed Combat
  1681 | D:3      | Reached XP level 5. HP: 36/50 MP: 4/4
  1781 | D:3      | Found an ancient bone altar of Kikubaaqudgha.
  1972 | D:3      | Became a worshipper of Kikubaaqudgha
  1972 | D:3      | Reached * piety under Kikubaaqudgha
  1972 | D:3      | Identified Kikubaaqudgha's Guide on Necromancy
                  | (Kikubaaqudgha gifted it to you on level 3 of the Dungeon)
  1972 | D:3      | Received a gift from Kikubaaqudgha
  1972 | D:3      | Reached ** piety under Kikubaaqudgha
  2187 | D:4      | Reached skill level 1 in Maces & Flails
  2187 | D:4      | Reached skill level 1 in Necromancy
  2187 | D:4      | Reached XP level 6. HP: 53/59 MP: 5/5
  2277 | D:4      | You fall into a shaft and drop 3 floors!
  2320 | D:7      | Found a glowing silver altar of Zin.
  2373 | D:7      | HP: 2/59 [worker ant (2)]
  2373 | D:7      | Slain by a bullfrog

Illustrated notes

Levels and vault maps discovered:
D:1:      dpeg_arrival_round_b, layout_loops_ring, serial_bayou_pond_d
D:2:      layout_loops_ring, fedhas_altar_3, chequers_garden, kennysheep_boxes
D:3:      layout_basic, lemuel_crystal_altar, chequers_serial_rivers_micro_e,
          kennysheep_generic_room_15
D:4:      layout_cave_pools, nicolae_overflow_crystal_walls,
          lemuel_crystal_altar
D:7:      layout_basic, basic_altar, zaba_anthole, minmay_gold_behind_fungi,
          dk_xom_monty_hall
D:8:      layout_gridville, nicolae_ru_great_annihilating_truth, minivault_19,
          uniq_maggie, uniq_joseph

Skill      XL: |  1  2  3  4  5 |
---------------+----------------+-----
Unarmed Combat | 4 5 6 |  6.6
Maces & Flails | 1 |  1.2
Necromancy     | 1 |  1.1
Fighting       | |  2.4
Dodging        | |  2.4
Stealth        | |  1.0

Action                   |  1- 3 |  4- 6 || total
-------------------------+-------+-------++-------
Melee: Unarmed           |    85 |   104 ||   189
       Punch             |     1 |     2 ||     3
Throw: Javelin           |       |     1 ||     1
 Stab: Sleeping          |     6 |       ||     6
       Distracted        |     1 |       ||     1
Armor: Robe              |    26 |    34 ||    60
Dodge: Dodged            |    30 |    52 ||    82

Table legend: (Time is in decaauts)
 A = Elapsed time spent in this place.
 B = Non-inter-level travel time spent in this place.
 C = Inter-level travel time spent in this place.
 D = Time resting spent in this place.
 E = Time spent auto-exploring this place.
 F = Levels seen in this place.
 G = Mean time per level.
                   A        B        C        D        E       F      G
               +--------+--------+--------+--------+--------+-----+--------+
         Total |   2356 |   2182 |    174 |      0 |   1731 |   6 |  392.7 |
       Dungeon |   2356 |   2182 |    174 |      0 |   1731 |   6 |  392.7 |
               +--------+--------+--------+--------+--------+-----+--------+

Top non-repeatable levels by time:
     D:2: 753 daAuts
     D:3: 675 daAuts
     D:1: 657 daAuts
     D:4: 176 daAuts
     D:7: 54 daAuts
     D:8: 39 daAuts
